 Dungeon Crawl Stone Soup version 0.29.0-15-g675c0067aa (webtiles) character file.

Game seed: 9200938615694199692

1 qw the Sneak (level 1, -1/14 HPs)
             Began as a Gargoyle Delver on Sept 11, 2022.
             Killed by divine providence
             ... invoked by an orc priest
              (15 damage)
             ... on level 6 of the Dungeon.
             The game lasted 00:00:01 (27 turns).

qw the Sneak (Gargoyle Delver)                        Turns: 27, Time: 00:00:01

Health: -1/14      AC:  5    Str: 15    XL:     1   Next: 20%
Magic:  1/1        EV: 11    Int: 10    God:
Gold:   0          SH:  0    Dex: 11    Spells: 0/0 levels left

rFire   . . .      SeeInvis .   a - +0 hand axe
rCold   + . .      Faith    .   (no shield)
rNeg    + . .      Spirit   .   b - +0 leather armour
rPois   inf        Reflect  .   (no helmet)
rElec   +          Harm     .   (no cloak)
rCorr   .          Rampage  .   (no gloves)
Will    .....                   (no boots)
Stlth   +++.......              (no amulet)
HPRegen 0.04/turn               c - ring of protection from cold
MPRegen 0.07/turn               (no ring)

@: no status effects
A: sickness immunity, AC +2, negative energy resistance 1, electricity
resistance, torment resistance 1, petrification resistance
a: no special abilities


You were on level 6 of the Dungeon.
You visited 1 branch of the dungeon, and saw 4 of its levels.


Innate Abilities, Weirdness & Mutations

You are immune to sickness and miasma.
Your stone body is resilient. (AC +2)
You are immune to poison.
You resist negative energy. (rN+)
You are resistant to electric shocks. (rElec)
You are resistant to unholy torment.
You are immune to petrification.


   Skills:
 - Level 3.2 Fighting
 + Level 1.9 Axes
 - Level 1.5 Dodging
 - Level 5.4 Stealth


You couldn't memorise any spells.
You didn't know any spells.
Your spell library was empty.

Inventory:

Hand Weapons
 a - a +0 hand axe (weapon)
Armour
 b - a +0 leather armour (worn)
Jewellery
 c - a ring of protection from cold (left hand)
Wands
 g - a wand of digging (3)
Potions
 f - a potion of haste

Dungeon Overview and Level Annotations

Branches:
Dungeon (7/15)
 Temple: D:4-7

Altars:


Message History

Assign waypoint to what number? (0-9, D - delete waypoint) Waypoint 1 assigned to D:4.
Enter note: The helpless hobgoblin fails to defend itself.
You hit the hobgoblin.
You kill the hobgoblin!
Found a stone staircase leading down.
A sourceless malevolence fills the Dungeon...
You fall into a shaft and drop 3 floors!
The shaft crumbles and collapses.
Found a short copper wand.
Found an escape hatch in the ceiling.
Existing waypoints: (1) D:4 (2) D:5 Assign waypoint to what number? (0-9, D - delete waypoint) Waypoint 2 re-assigned from D:5 to D:7.
c - a ring of protection from cold You open the door.
Found a stone staircase leading up.
22 ||| UPGRADING to ring of protection from cold.
c - a ring of protection from cold (left hand)
(D) Dungeon
Where to? (* - list waypoints, Enter - D:4, ? - help)
What level of the Dungeon? (default 1, ? - help)
There is an open door here.
There is a stone staircase leading up here.
You climb upwards.
The shadow imp shouts!
The orc warrior shouts!
You hear a shout!
Found 6 gold pieces.
There is a stone staircase leading down here.
There are monsters nearby!
Existing waypoints: (1) D:4 (2) D:7 Assign waypoint to what number? (0-9, D - delete waypoint) Waypoint 1 re-assigned from D:4 to D:6.
An orc wizard comes into view. It is wielding a +0 dagger.
The orc priest shouts!
The orc wizard shouts!
The orc priest mumbles some strange prayers to Beogh against you.
Beogh smites you!
Ouch! That really hurt!
You die...

### #.. #.# #.#
###
##.####.##.5.###
#......>@.$..o..
#.########...###


oo# .# # You could see an orc warrior, an orc priest, an orc wizard and a shadow
imp.

Vanquished Creatures
  A hobgoblin (D:4)
1 creature vanquished.

Notes
Turn   | Place    | Note
-------+----------+-------------------------------------------
     0 | D:5      | qw the Gargoyle Delver began the quest for the Orb.
     0 | D:5      | Reached XP level 1. HP: 14/14 MP: 1/1
     0 | D:5      | 0 ||| qw: Version: 0.1-a-117-gfe26ee0
     0 | D:5      | 0 ||| qw: Game counter: 10066
     0 | D:5      | 0 ||| qw: Always use a shield: true
     0 | D:5      | 0 ||| qw: God list: Okawaru
     0 | D:5      | 0 ||| qw: Allow faded altars: false
     0 | D:5      | 0 ||| qw: Do Orc after D:15 true
     0 | D:5      | 0 ||| qw: Do second Lair branch before Depths: true
     0 | D:5      | 0 ||| qw: Lair rune preference: random
     0 | D:5      | 0 ||| qw: Plans: Normal
     0 | D:5      | 0 ||| PLANNING D:1-11
     0 | D:5      | 0 ||| DROPPING scroll of fog.
     1 | D:5      | 1 ||| DROPPING scroll of magic mapping.
     2 | D:5      | 2 ||| DROPPING scroll of fear.
    14 | D:4      | You fall into a shaft and drop 3 floors!
    22 | D:7      | 22 ||| UPGRADING to ring of protection from cold.
    26 | D:6      | Noticed an orc warrior
    26 | D:6      | Noticed an orc priest
    27 | D:6      | Noticed an orc wizard
    27 | D:6      | Killed from afar by an orc priest

Levels and vault maps discovered:
D:4:      layout_gridville, lemuel_doored_altar, uniq_eustachio
D:5:      layout_loops_corners, nicolae_overflow_crystal_walls, feat_on_display,
          uniq_pikel, uniq_menkaure, uniq_prince_ribbit1
D:6:      layout_loops_ring, minmay_temple_entry_mini_moons,
          nicolae_shop_self_help, uniq_edmund
D:7:      layout_loops_corners, kennysheep_mini, marbit_many_paths

Action                   || total
-------------------------++-------
Melee: Hand axe          ||     1
 Stab: Sleeping          ||     1

Table legend:
 A = Non-vault XP
 B = Vault XP
 C = Vault XP percentage of total XP
 D = Non-vault monster count
 E = Vault monster count
 F = Vault count percentage of total count
                 A         B        C        D         E       F
            +---------+---------+-------+---------+---------+-------
      Total |       2 |       0 |   0.0 |       1 |       0 |   0.0
            +---------+---------+-------+---------+---------+-------
        D:4 |       2 |       0 |   0.0 |       1 |       0 |   0.0
            +---------+---------+-------+---------+---------+-------
